 Dungeon Crawl Stone Soup version 0.23.2-1-ga50397a (webtiles) character file.

Game seed: 5275043307986401687

146 TrebMcFLY the Shield-Bearer (level 5, -4/49 HPs)
             Began as a Deep Dwarf Fighter on May 16, 2019.
             Slain by an orc
             ... wielding a +0 war axe of electrocution
              (13 damage)
             ... on level 3 of the Dungeon.
             The game lasted 00:07:58 (1962 turns).

TrebMcFLY the Shield-Bearer (Deep Dwarf Fighter)    Turns: 1962, Time: 00:07:59

Health: -4/49      AC:  8    Str: 20    XL:     5   Next: 7%
Magic:  5/5        EV:  7    Int:  9    God:
Gold:   108        SH:  9    Dex: 12    Spells: 4/4 levels left

rFire    . . .     SeeInvis .   n - +3 hand axe (flame)
rCold    . . .     Gourm    .   c - +0 shield
rNeg     . . .     Faith    .   b - +0 scale mail
rPois    .         Spirit   .   (no helmet)
rElec    .         Reflect  .   k - +0 cloak
rCorr    .         Harm     .   (no gloves)
MR       .....                  (no boots)
Stlth    ..........             (no amulet)
HPRegen  0.00/turn              (no ring)
MPRegen  0.09/turn              (no ring)

@: non-regenerating
A: damage resistance, heal wounds, sense surroundings 1, no regeneration
a: Heal Wounds


You were on level 3 of the Dungeon.
You were not hungry.

You visited 1 branch of the dungeon, and saw 3 of its levels.

You collected 108 gold pieces.

Inventory:

Hand Weapons
 a - a +0 war axe
 n - a +3 hand axe of flaming (weapon)
Armour
 b - a +0 scale mail (worn)
 c - a +0 shield (worn)
 k - a +0 cloak (worn)
Wands
 l - a wand of digging (6)
Scrolls
 e - 4 scrolls of remove curse {unknown}
 h - 4 scrolls of identify {unknown}
 i - 2 scrolls of enchant weapon {unknown}
Potions
 d - 2 potions of might
 g - a potion of magic {unknown}
 m - a potion of curing {unknown}
Comestibles
 f - 5 rations
 j - 4 chunks of flesh


   Skills:
 + Level 3.3 Fighting
 * Level 4.0 Axes
 + Level 4.0 Armour
 + Level 4.0 Shields


You had 4 spell levels left.
You didn't know any spells.
Your spell library contained the following spells:

 Spells                   Type           Power        Failure   Level  Hunger
 Confusing Touch          Hex            #.....       99%         1    ##.....
 Confuse                  Hex            #.......     100%        3    ####...
 Gell's Gravitas          Tloc           #.........   100%        3    ####...
 Petrify                  Tmut/Erth      #.......     100%        4    #####..
 Metabolic Englaciation   Hex/Ice        #.........   100%        5    ######.
 Yara's Violent Unravell  Hex/Tmut       #.........   100%        5    ######.


Dungeon Overview and Level Annotations

Branches:
Dungeon (3/15)

Altars:
Vehumet

Annotations:
D:2 Sigmund


Innate Abilities, Weirdness & Mutations

You are resistant to damage.
You can heal yourself by infusing magical energy.
You passively map a small area around you.
You do not regenerate.


Message History

The orc priest mumbles some strange prayers to Beogh against you.
Beogh smites you! The orc hits you. The worm bites you.
You slash the orc priest! You burn the orc priest.
The orc priest is almost dead.
You barely miss the orc. You hit the worm. You burn the worm.
You closely miss the orc. The orc barely misses you.
The orc priest invokes the aid of Beogh against you.
Beogh smites you!
* * * LOW HITPOINT WARNING * * *
The orc hits you.
You slash the orc priest! You burn the orc priest.
You kill the orc priest!
Your Axes skill increases to level 4!
You have reached level 5!
You closely miss the orc. You hit the worm. You burn the worm. You hit the orc.
You burn the orc. You hit the orc. You burn the orc.
You block the orc's attack. The orc hits you but does no damage. x2
The worm bites you but does no damage. The orc hits you but does no damage.
The orc hits you but does no damage.
You are electrocuted!
You die...

#.#.#.# #.*
#.# , .. , **
#.# * ... ,*
..* #.## .w..
*....#####
#..#* .... , ,
...>....#
##.##..#* * ,
##.####....# ,
, #..[wo...###
, #..o.)..## ,
#...@o...#
#........#
#...........#
*
...######....#
, .. **......>
*, . .........
, , .........
* , , .[.....
* ** * ,


You could see a worm and 3 orcs.

Vanquished Creatures
  An orc priest (D:3)
  Terence (D:3)
  3 adders
  2 oozes
  3 worms
  A dart slug (D:3)
  A leopard gecko (D:2)
  3 giant cockroaches
  4 goblins
  6 hobgoblins
  A quokka (D:2)
  3 bats
  5 frilled lizards
  10 kobolds
  10 rats
54 creatures vanquished.

Notes
Turn   | Place    | Note
-------+----------+-------------------------------------------
     0 | D:1      | TrebMcFLY the Deep Dwarf Fighter began the quest for the
                  | Orb.
     0 | D:1      | Reached XP level 1. HP: 20/20 MP: 1/1
   174 | D:1      | Reached XP level 2. HP: 24/27 MP: 2/2
  1042 | D:2      | Reached XP level 3. HP: 24/34 MP: 3/3
  1302 | D:2      | Found a radiant altar of Vehumet.
  1390 | D:2      | Noticed Sigmund
  1717 | D:2      | Reached XP level 4. HP: 23/42 MP: 4/4
  1936 | D:3      | Noticed Terence
  1955 | D:3      | Killed Terence
  1961 | D:3      | Reached XP level 5. HP: 9/49 MP: 5/5
  1962 | D:3      | Slain by an orc

Skill      XL: |  1  2  3  4 |
---------------+-------------+-----
Axes           | 3 4 |  4.0
Fighting       | 3 |  3.3
Armour         | 4 |  4.0
Shields        | 4 |  4.0

Action                   |  1- 3 |  4- 6 || total
-------------------------+-------+-------++-------
Melee: War axe           |   143 |    54 ||   197
       Hand axe          |       |     2 ||     2
 Abil: Heal Wounds       |       |     1 ||     1
  Eat: Chunk             |     2 |     2 ||     4
Armor: Scale mail        |    59 |    20 ||    79
Dodge: Dodged            |    40 |    14 ||    54
Block: Shield            |    66 |    31 ||    97
